 Dungeon Crawl Stone Soup version 0.20.1-1-g8b1a95d (webtiles) character file.

30 Starchild the Charmwright (level 3, -5/27 HPs)
             Began as a Merfolk Skald on Aug 6, 2017.
             Slain by Sigmund
             ... wielding a +0 scythe
              (11 damage)
             ... on level 2 of the Dungeon.
             The game lasted 00:05:23 (1588 turns).

Starchild the Charmwright (Merfolk Skald)           Turns: 1588, Time: 00:05:24

Health: -5/27      AC:  3    Str: 11    XL:     3   Next: 18%
Magic:  2/6        EV: 12    Int: 13    God:
Gold:   103        SH:  0    Dex: 13    Spells: 1/6 levels left

rFire    . . .     SeeInvis .   a - +0 spear
rCold    . . .     Gourm    .   (no shield)
rNeg     . . .     Faith    .   b - +0 leather armour
rPois    .         Spirit   .   (no helmet)
rElec    .         Reflect  .   (no cloak)
rCorr    .         Harm     .   (no gloves)
MR       .....                  (no boots)
Stlth    ..........             f - amulet of rage
Regen    0.1/turn               e - ring of loudness (curse)
MPRegen  0.1/turn               (no ring)

@: confused, infused (expiring), very slightly contaminated
A: change form in water, swift swim, stealthy swim
a: Evoke Berserk Rage


You were on level 2 of the Dungeon.
You were not hungry.

You visited 1 branch of the dungeon, and saw 2 of its levels.

You collected 103 gold pieces.

Inventory:

Hand Weapons
 a - a +0 spear (weapon)
Missiles
 i - 7 javelins (quivered)
 l - 33 stones
Armour
 b - a +0 leather armour (worn)
Jewellery
 e - a cursed ring of loudness (left hand)
 f - an amulet of rage (around neck)
Scrolls
 j - a scroll of identify {unknown}
 k - a scroll of teleportation {unknown}
 m - a scroll of remove curse {unknown}
Potions
 h - a potion of brilliance {unknown}
 n - a potion of mutation {unknown}
 o - a potion of agility {unknown}
 p - a potion of flight {unknown}
Books
 c - a book of Battle

   Spells                             Type                      Level
   a - Infusion                       Charms                       1
   b - Shroud of Golubria             Charms/Translocation         2
   c - Song of Slaying                Charms                       2
   d - Spectral Weapon                Hexes/Charms                 3
   e - Regeneration                   Charms/Necromancy            3
Comestibles
 d - 3 bread rations
 g - 2 meat rations
 q - a chunk of flesh


   Skills:
 - Level 2.1 Fighting
 - Level 3.0 Polearms
 - Level 0.6 Armour
 - Level 2.6 Dodging
 - Level 2.0 Spellcasting
 + Level 4.6 Charms


You had one spell level left.
You knew the following spells:

 Your Spells              Type           Power        Failure   Level  Hunger
a - Infusion              Chrm           ##..         4%          1    ##.....
b - Song of Slaying       Chrm           ##......     8%          2    ###....
c - Shroud of Golubria    Chrm/Tloc      #.........   19%         2    ###....


Dungeon Overview and Level Annotations

Branches:
Dungeon (2/15)

Altars:
Dithmenos

Annotations:
D:2 Sigmund


Message History

Press: ? - help, Dir - move target cursor, f/p - Sigmund
Aim: Sigmund, wielding a scythe and wearing a robe (moderately wounded)
You reach to attack!
You barely miss Sigmund.
Sigmund is moderately wounded.
Sigmund mumbles some strange words.
Sigmund flickers and vanishes!
Deactivating autopickup; reactivate with Ctrl-A.
You hear some strange, mumbled words.
You are confused.
There is a shadowy altar of Dithmenos here.
You hear some strange, mumbled words.
You are more confused.
You bump into the crystal wall.
Something hits you.
You bump into the crystal wall.
Your magical infusion is running out.
Something hits you!
* * * LOW HITPOINT WARNING * * *
There is a shadowy altar of Dithmenos, spattered with blood here.
You bump into the crystal wall.
Something hits you!
You die...

#. +.........'...... #.
###.........####... #.
#..........## #... #.
#.###.....## ###. ##.##
#.# ##.<.## ####.
##.#.#####.## ##'## #....
#.....{.#{§§## #.# #.###
#.##.###§#§#§###.# #.# #
#.#..§§§@§§.#.##### #.#
#.#.#§#§#§#.......# #.#
#....#§§§#§.....#.# #.#
####.##§##.#...##.# #.#
#.......##.##.##.###.###.#
##########....##...<.....#
####.##.###.#####
#.##.###.# #........#


There were no monsters in sight!

Vanquished Creatures
  A dart slug (D:1)
  A giant cockroach (D:1)
  A goblin (D:1)
  3 hobgoblins (D:1)
  6 jackals (D:1)
  A quokka (D:2)
  A ball python (D:1)
  3 bats
  5 kobolds
  4 rats (D:1)
26 creatures vanquished.

Notes
Turn   | Place    | Note
-------+----------+-------------------------------------------
     0 | D:1      | Starchild the Merfolk Skald began the quest for the Orb.
     0 | D:1      | Reached XP level 1. HP: 16/16 MP: 3/3
   739 | D:1      | Reached XP level 2. HP: 19/22 MP: 5/5
   743 | D:1      | Learned a level 2 spell: Song of Slaying
   775 | D:1      | Reached skill level 4 in Charms
  1124 | D:1      | Reached XP level 3. HP: 16/27 MP: 0/6
  1355 | D:1      | Learned a level 2 spell: Shroud of Golubria
  1439 | D:2      | Found a shadowy altar of Dithmenos.
  1566 | D:2      | Noticed Sigmund
  1588 | D:2      | Slain by Sigmund

Skill      XL: |  1  2 |
---------------+-------+-----
Charms         | 4 |  4.6
Fighting       | |  2.1
Polearms       | |  3.0
Armour         | |  0.6
Dodging        | |  2.6
Spellcasting   | |  2.0

Action                   || total
-------------------------++-------
Melee: Spear             ||   112
 Cast: Infusion          ||     4
       Song of Slaying   ||     1
  Eat: Chunk             ||     2
Armor: Leather armour    ||    22
Dodge: Dodged            ||    88
